 Dungeon Crawl Stone Soup version 0.29-a0-418-gc0181ea820 (console) character file.

Game seed: 7675826659751170597

10174 om the Nimble (level 11, -1/79 HPs)
             Began as a Merfolk Berserker on May 17, 2022.
             Was a High Priest of Trog.
             Slain by a wyvern (7 damage)
             ... while petrified by a basilisk
             ... on level 10 of the Dungeon.
             The game lasted 00:28:01 (10863 turns).

om the Nimble (Merfolk Berserker)                  Turns: 10863, Time: 00:28:01

Health: -1/79      AC: 11    Str: 18    XL:     11   Next: 58%
Magic:  11/11      EV:  2    Int:  9    God:    Trog [*****.]
Gold:   624        SH:  0    Dex: 17    Spells: 10/10 levels left

rFire   . . .      SeeInvis .   w - +4 halberd (flame)
rCold   + . .      Faith    .   (shield currently unavailable)
rNeg    + + +      Spirit   .   u - +2 steam dragon scales
rPois   ∞          Reflect  .   G - +1 hat {Stlth+}
rElec   .          Harm     .   (no cloak)
rCorr   .          Rampage  .   (no gloves)
Will    .....                   (no boots)
Stlth   ++++......              B - amulet of regeneration
HPRegen 1.03/turn               C - ring of protection from cold
MPRegen 0.12/turn               (no ring)

@: petrified, on berserk cooldown, slowed
A: (nimble swimmer 2), mertail, iridescent scales 1, clever 1, deterioration 1,
subdued magic 1, noise suppression
a: Renounce Religion, Berserk, Trog's Hand, Brothers in Arms


You were on level 10 of the Dungeon.
You worshipped Trog.
Trog was extremely pleased with you.
You visited 1 branch of the dungeon, and saw 10 of its levels.
You also visited: Sewer and Ossuary.

You collected 624 gold pieces.

Inventory:

Hand Weapons
 w - a +4 halberd of flaming (weapon)
Armour
 u - +2 steam dragon scales (worn)
 G - a +1 hat of stealth (worn)
Jewellery
 b - a ring of fire
 y - a ring of see invisible
 A - an amulet of faith
 B - an amulet of regeneration (around neck)
 C - a ring of protection from cold (left hand)
Wands
 e - a wand of charming (8)
 n - a wand of iceblast (8)
 q - a wand of polymorph (13)
 t - a wand of mindburst (37)
 F - a wand of paralysis (5)
Scrolls
 c - 2 scrolls of enchant armour
 l - 11 scrolls of teleportation
 r - 5 scrolls of fear
 s - 2 scrolls of blinking
 x - a scroll of acquirement
 D - a scroll of magic mapping
 E - a scroll of identify
Potions
 d - 3 potions of lignification
 f - 5 potions of curing
 j - 5 potions of might
 m - a potion of ambrosia
 o - 3 potions of invisibility
 p - a potion of heal wounds
 v - 2 potions of cancellation
 z - a potion of resistance


   Skills:
 - Level 5.0 Fighting
 * Level 12.4 Polearms
 + Level 5.5 Armour
 * Level 14.6 Dodging
 - Level 6.0 Stealth
 - Level 5.0 Evocations


You had 10 spell levels left.
You didn't know any spells.
Your spell library was empty.

Dungeon Overview and Level Annotations

Branches:
Dungeon (10/15)            Temple (0/1) D:7           Sewer (visited)
Ossuary (visited)
   Lair: D:8-11         Orc: D:9-12

Altars:
Fedhas
Vehumet
Beogh

Shops:
D:5 :


Innate Abilities, Weirdness & Mutations

((You are very nimble when in or above water. (Stealth+, EV+, Speed+++)))
Your lower body shifts to a powerful aquatic tail in water.
You are partially covered in iridescent scales. (AC +2)
Your mind is acute. (Int +2)
Your body sometimes deteriorates upon taking damage.
Your spells are a little easier to cast, but a little less powerful.
You passively dampen the noise of your surroundings.


Message History

The wyvern bites you.
You completely miss the wyvern.
The wyvern is heavily wounded.
The wyvern bites you but does no damage.
The wyvern misses you. The water moccasin barely misses you.
Your limbs are stiffening.
You hit the wyvern. You burn the wyvern.
The wyvern is severely wounded.
The wyvern misses you. The wyvern closely misses you.
The water moccasin barely misses you. The basilisk bites you!
The wyvern barely misses you.
You have turned to stone.
The wyvern bites you.
The water moccasin bites you but does no damage.
The wyvern bites you! x2
The basilisk gazes at you. You resist with some effort.
The water moccasin bites you but does no damage.
You are no longer berserk.
You feel yourself slow down. The wyvern bites you! x2
The water moccasin bites you but does no damage.
The water moccasin bites you. The basilisk bites you! The wyvern bites you!
The wyvern bites you! The water moccasin bites you!
The water moccasin completely misses you.
The wyvern bites you.
* * * LOW HITPOINT WARNING * * *
The wyvern bites you!
* * * LOW HITPOINT WARNING * * *
The basilisk bites you!
* * * LOW HITPOINT WARNING * * *
The water moccasin bites you but does no damage. x2
The wyvern bites you but does no damage.
The wyvern bites you!
* * * LOW HITPOINT WARNING * * *
The water moccasin bites you.
* * * LOW HITPOINT WARNING * * *
The water moccasin bites you but does no damage.
The basilisk bites you.
* * * LOW HITPOINT WARNING * * *
The wyvern bites you!
You die...

.............)..# #..##
.....#########..#####....
..... >......#...........
..... .......#...........
.... .......#...........
##.. .......'.........##
#...####+####.........#
#....)................#
#.....S@l.............#
#.....llS.............#
......................#
................#####.#
......#####.....# .#
..P... #.....# P.....
#.....# ...... #.....#


You could see a basilisk, 2 water moccasins and 2 wyverns.

Vanquished Creatures
  Gastronok (D:10)
  Joseph (D:9)
  A gargoyle (D:5)
  Maggie (D:6)
  Prince Ribbit (D:8)
  Sigmund (D:4)
  15 yaks
  Grum (D:9)
  2 vampire mosquitoes (D:10)
  Menkaure (D:5)
  2 water moccasins
  A black bear (D:5)
  An orc warrior (D:7)
  A sky beast (D:8)
  An ogre (D:6)
  4 centaurs
  4 wolves (D:9)
  4 lemures (D:9)
  8 kobold brigands
  5 scorpions
  2 necrophages
  4 bullfrogs
  8 wights
  2 howler monkeys
  2 hounds (D:5)
  4 orc priests
  A gnoll shaman (D:7)
  2 jellies
  3 iguanas
  Natasha (thrice) (D:2)
  3 orc wizards
  2 mummies
  13 gnolls
  3 river rats (Sewer)
  10 adders
  3 shadow imps
  3 worms
  6 dart slugs
  36 orcs
  2 spectral bats (Ossuary)
  8 endoplasms
  7 giant cockroaches
  6 goblins
  10 hobgoblins
  16 jackals
  A quokka (D:1)
  13 ball pythons
  A bat (D:1)
  5 bat simulacra (Ossuary)
  7 frilled lizards
  12 gnoll zombies (Ossuary)
  4 goblin simulacra (Ossuary)
  2 goblin zombies (Ossuary)
  2 hobgoblin zombies (Ossuary)
  29 kobolds
  4 kobold simulacra (Ossuary)
  7 kobold zombies
  9 orc zombies
  8 rats
  A rat simulacrum (Ossuary)
  3 spectral goblins (Ossuary)
  5 spectral kobolds (Ossuary)
  2 spectral rats (Ossuary)
330 creatures vanquished.

Vanquished Creatures (collateral kills)
  A two-headed ogre (D:9)
  Pikel (D:9)
  A komodo dragon (D:9)
  An orc priest (D:9)
  2 orc wizards (D:9)
  2 orcs (D:9)
8 creatures vanquished.

Grand Total: 338 creatures vanquished

Notes
Turn   | Place    | Note
-------+----------+-------------------------------------------
     0 | D:1      | om the Merfolk Berserker began the quest for the Orb.
     0 | D:1      | Reached XP level 1. HP: 18/18 MP: 1/1
    39 | D:1      | Reached skill level 3 in Dodging
   486 | D:1      | Reached XP level 2. HP: 24/24 MP: 2/2
   641 | D:1      | Found a faded altar of an unknown god.
   980 | D:1      | Reached XP level 3. HP: 29/29 MP: 3/3
  1263 | D:1      | Reached ** piety under Trog
  1755 | D:2      | Reached skill level 4 in Dodging
  1757 | D:2      | Reached XP level 4. HP: 33/37 MP: 4/4
  1813 | D:2      | Noticed Natasha
  1826 | D:2      | Killed Natasha
  1866 | D:2      | Noticed Natasha
  1879 | D:2      | Killed Natasha
  1880 | D:2      | Reached XP level 5. HP: 38/42 MP: 5/5
  2020 | D:2      | Noticed Natasha
  2033 | D:2      | Killed Natasha
  2034 | D:2      | Reached skill level 5 in Polearms
  2034 | D:2      | Reached skill level 5 in Dodging
  3258 | D:3      | Reached skill level 6 in Dodging
  3258 | D:3      | Reached XP level 6. HP: 48/48 MP: 6/6
  3951 | D:4      | Reached skill level 7 in Dodging
  4000 | D:4      | Noticed Sigmund
  4013 | D:4      | Killed Sigmund
  4014 | D:4      | Reached XP level 7. HP: 54/54 MP: 7/7
  4133 | D:4      | Reached skill level 8 in Dodging
  4273 | D:4      | Found the +7 staff of the Meek {protect, meekguard}
  4387 | D:4      | Found a radiant altar of Vehumet.
  4387 | D:4      | Found a blossoming altar of Fedhas.
  4845 | D:5      | Entered Level 5 of the Dungeon
  4877 | D:5      | Reached skill level 1 in Stealth
  4906 | D:5      | Reached *** piety under Trog
  4938 | D:5      | Reached XP level 8. HP: 60/60 MP: 8/8
  4981 | D:5      | Found Hasu's Book Shoppe.
  5063 | D:5      | Noticed Menkaure
  5074 | D:5      | Killed Menkaure
  5075 | D:5      | Reached skill level 9 in Dodging
  5200 | D:5      | Noticed a gargoyle
  5230 | D:5      | Killed a gargoyle
  5544 | D:5      | Reached skill level 5 in Fighting
  5695 | D:6      | Gained mutation: You have hidden genetic defects. [potion
                  | of mutation]
  5695 | D:6      | Gained mutation: Your mind is acute. (Int +2) [potion of
                  | mutation]
  5695 | D:6      | Gained mutation: You are partially covered in iridescent
                  | scales. (AC +2) [potion of mutation]
  5695 | D:6      | Gained mutation: You passively dampen the noise of your
                  | surroundings. [potion of mutation]
  5737 | D:6      | Reached skill level 1 in Evocations
  5972 | D:6      | Reached XP level 9. HP: 68/68 MP: 9/9
  6053 | D:6      | Reached skill level 10 in Dodging
  6095 | D:6      | Noticed Maggie
  6105 | D:6      | Killed Maggie
  6113 | D:6      | Found a glowing drain.
  6116 | D:6      | Gained mutation: Your spells are a little easier to cast,
                  | but a little less powerful. [hidden defects]
  6122 | Sewer    | Entered a sewer
  6823 | D:6      | Reached **** piety under Trog
  6825 | D:6      | Gained mutation: Your body sometimes deteriorates upon
                  | taking damage. [hidden defects]
  6825 | D:6      | Lost mutation: You have hidden genetic defects. [hidden
                  | defects expressed]
  7235 | D:7      | Reached skill level 11 in Dodging
  7290 | D:7      | Found a sand-covered staircase.
  7296 | Ossuary  | Entered an ossuary
  7359 | Ossuary  | Reached skill level 10 in Polearms
  7470 | Ossuary  | Reached ***** piety under Trog
  7820 | D:7      | Found a staircase to the Ecumenical Temple.
  7910 | D:7      | Received a gift from Trog
  8527 | D:8      | Noticed Prince Ribbit
  8534 | D:8      | Killed Prince Ribbit
  8535 | D:8      | Reached skill level 12 in Dodging
  8535 | D:8      | Reached XP level 10. HP: 74/74 MP: 10/10
  8827 | D:8      | Identified a scroll of acquirement
  9672 | D:9      | Reached skill level 13 in Dodging
  9800 | D:9      | Noticed Pikel
  9895 | D:9      | Noticed a two-headed ogre
  9912 | D:9      | Killed a two-headed ogre
  9913 | D:9      | Reached skill level 5 in Stealth
  9914 | D:9      | Killed Pikel
  9915 | D:9      | Reached skill level 5 in Armour
  9917 | D:9      | Reached XP level 11. HP: 74/79 MP: 11/11
  9968 | D:9      | Noticed Joseph
 10007 | D:9      | Killed Joseph
 10218 | D:9      | Reached skill level 14 in Dodging
 10502 | D:9      | Noticed Grum
 10521 | D:9      | Killed Grum
 10691 | D:10     | Entered Level 10 of the Dungeon
 10723 | D:10     | Noticed Gastronok
 10789 | D:10     | Killed Gastronok
 10790 | D:10     | Reached skill level 5 in Evocations
 10863 | D:10     | Slain by a wyvern

Illustrated notes

Levels and vault maps discovered:
D:1:      giann_forest_graveyard, layout_basic,
          chequers_ecumenical_altar_simple_redux, st_stairs_10, chequers_jeans
D:2:      layout_rooms, minmay_crystal_room, dk_vineyard_2,
          hangedman_decor_push, uniq_natasha
D:3:      layout_basic
D:4:      wad_pebble_path, layout_basic, gammafunk_temple_overflow_elements,
          kennysheep_decorative_pillar, pf_guarded_unrand_meek, uniq_sigmund
D:5:      layout_basic, serial_shops, shop, uniq_menkaure
D:6:      layout_basic, cheibrodos_sewer_entry_drain, kennysheep_generic_room_4,
          uniq_maggie
D:7:      layout_loops_cross, minmay_temple_entry_offerings, enter_bailey_4,
          nicolae_ossuary_entry_giza
D:8:      layout_basic, uniq_prince_ribbit1
D:9:      layout_irregular_city, hangedman_abyss_or_decor_stagger, uniq_pikel,
          uniq_grum, uniq_joseph
D:10:     layout_irregular_city, minmay_lair_entry_grove, serial_glass,
          glass_columns_a, glass_columns_a, glass_columns_b, glass_columns_a,
          glass_columns_a, glass_columns_a, glass_columns_b, glass_columns_b,
          serial_shops, nicolae_square_shop, uniq_gastronok

Skill      XL: |  1  2  3  4  5  6  7  8  9 10 11 |
---------------+----------------------------------+-----
Dodging        | 3 4 6 7 8 9 12 13 14 | 14.6
Armour         | 2 4 5 |  5.5
Fighting       | 4 5 |  5.0
Polearms       | 5 6 7 8 10 11 12 | 12.4
Stealth        | 1 3 4 5 6 |  6.0
Evocations     | 1 3 4 5 |  5.0

Action                   |  1- 3 |  4- 6 |  7- 9 | 10-12 || total
-------------------------+-------+-------+-------+-------++-------
Melee: Spear             |   137 |   198 |    19 |       ||   354
       Punch             |       |     1 |     7 |     4 ||    12
       Trident           |       |       |   461 |   147 ||   608
       Tailslap          |       |       |    10 |       ||    10
       Halberd           |       |       |       |   109 ||   109
Invok: Berserk           |     2 |     8 |     9 |    10 ||    29
       Trog's Hand       |       |       |     1 |       ||     1
       Brothers in Arms  |       |       |       |     1 ||     1
Evoke: Wand              |       |       |     4 |       ||     4
  Use: Scroll            |     3 |     7 |    10 |     2 ||    22
       Potion            |       |     6 |     2 |       ||     8
 Stab: Sleeping          |     1 |     4 |    21 |     5 ||    31
       Distracted        |       |     2 |       |       ||     2
Armor: Animal skin       |    22 |    19 |       |       ||    41
       Scale mail        |       |       |    49 |       ||    49
       Steam dragon scal |       |       |    58 |    46 ||   104
Dodge: Dodged            |    69 |    84 |   249 |   180 ||   582

Table legend: (Time is in decaauts)
 A = Elapsed time spent in this place.
 B = Non-inter-level travel time spent in this place.
 C = Inter-level travel time spent in this place.
 D = Time resting spent in this place.
 E = Time spent auto-exploring this place.
 F = Levels seen in this place.
 G = Mean time per level.
                   A        B        C        D        E       F      G
               +--------+--------+--------+--------+--------+-----+--------+
         Total |  10880 |  10565 |    315 |   2155 |   6060 |  12 |  906.7 |
       Dungeon |   9989 |   9674 |    315 |   2011 |   5637 |  10 |  998.9 |
         Sewer |    439 |    439 |      0 |     43 |    235 |   1 |  439.0 |
       Ossuary |    451 |    451 |      0 |    100 |    188 |   1 |  451.0 |
               +--------+--------+--------+--------+--------+-----+--------+

Top non-repeatable levels by time:
     D:1: 1643 daAuts
     D:8: 1213 daAuts
     D:2: 1203 daAuts
     D:9: 1153 daAuts
     D:4: 1078 daAuts
     D:3: 970 daAuts
     D:6: 871 daAuts
     D:7: 860 daAuts
     D:5: 829 daAuts
 Ossuary: 451 daAuts
   Sewer: 439 daAuts
    D:10: 167 daAuts
